 Dungeon Crawl Stone Soup version 0.18-a0-822-gb52b7b4 (webtiles) character file.

431924 4thArraOfDagon the Executioner (level 23, -5/204 HPs)
             Began as a Hill Orc Berserker on Dec 16, 2015.
             Was the Champion of the Shining One.
             Splashed by a caustic shrike's acid (9 damage)
             ... while paralysed
             ... on level 6 of a ziggurat.
             The game lasted 01:58:16 (14592 turns).

4thArraOfDagon the Executioner (HOBe)              Turns: 14592, Time: 01:58:16

Health: -5/204     AC: 18    Str: 41    XL:     23   Next: 58%
Magic:  26/30      EV:  2    Int: 17    God:    the Shining One [******]
Gold:   1334       SH:  0    Dex: 11    Spells: 3 memorised, 20 levels left

rFire  . . .     SeeInvis +     d - +9 broad axe (freeze)
rCold  . . .     Gourm    .     S - +2 shadow dragon armour
rNeg   + + +     Faith    .     q - +0 large shield "Ore Tevu" {*Confuse Str+10}
rPois  +         Spirit   .     X - +3 crown of Dyrovepreva {rElec Int+2 SInv}
rElec  +         Dismiss  .     Z - +0 cloak {MR+}
rCorr  .         Reflect  .     R - +2 pair of gloves {archery}
SustAt .         Harm     .     l - +1 pair of boots {Fly}
MR     ++...                    L - amulet of Biulewk {Regen+ Str+2}
Stlth  +.........               P - ring "Zeoruilyn" {+Fly EV+3 Str+4 SInv}
                                K - ring of Mistrust {rElec rPois rN+ Int+2 SInv}

@: paralysed, exhausted, divine shield, corroded equipment, slowed, glowing,
drained, very resistant to hostile enchantments, very unstealthy
A: slimy green scales 1, blurry vision 1, low mp 1, strong 1
a: Divine Shield, Cleansing Flame, Summon Divine Warrior, Renounce Religion,
Evoke Flight
}: 3/15 runes: decaying, serpentine, golden


You were on level 6 of a ziggurat.
You worshipped the Shining One.
The Shining One was exalted by your worship.
You were very hungry.

You visited 10 branches of the dungeon, and saw 45 of its levels.
You visited 1 ziggurat, and saw 6 of its levels.
You also visited: Ossuary and Ice Cave.

You collected 2674 gold pieces.
You spent 1340 gold pieces at shops.

Inventory:

Hand Weapons
 d - a +9 broad axe of freezing (weapon)
 s - a +8 broad axe of holy wrath
Missiles
 t - 3 throwing nets (quivered)
Armour
 l - a +1 pair of boots of flying (worn)
 q - the +0 large shield "Ore Tevu" (worn) {*Confuse Str+10}
   (You bought it in a shop on level 2 of the Orcish Mines)

   It affects your strength (+10).
   It may confuse you when you take damage.
 R - a +2 pair of gloves of archery (worn)
 S - a +2 shadow dragon armour (worn)
 X - the +3 crown of Dyrovepreva (worn) {rElec Int+2 SInv}
   (You found it in an ice cave)

   It affects your intelligence (+2).
   It insulates you from electricity.
   It lets you see invisible.
 Z - a +0 cloak of magic resistance (worn)
Jewellery
 e - the amulet of Koras {*Drain +Rage rPois rF+ MP+9}
   (You found it on level 3 of a ziggurat)

   [amulet of rage]

   It protects you from fire.
   It protects you from poison.
   It affects your magic capacity (+9).
   It lets you go berserk.
   It causes draining when unequipped.
 i - an uncursed amulet of faith {unknown}
 j - an uncursed ring of sustain attributes
 m - the amulet of Axaunge {Reflect rC+ Int+2 SH+4}
   (You found it on level 4 of a ziggurat)

   [amulet of reflection]

   It shields you and reflects attacks.
   It affects your intelligence (+2).
   It protects you from cold.
   It affects your SH (+4).
 u - the amulet of the Four Winds {rN+ MR+++ Clar}
   (You found it on level 4 of a ziggurat)

   [amulet of nothing]

   It protects you from negative energy.
   It affects your resistance to hostile enchantments.
   It protects you against confusion.
 K - the ring of Mistrust (left hand) {rElec rPois rN+ Int+2 SInv}
   (You found it on level 3 of the Crypt)

   [ring of positive energy]

   It affects your intelligence (+2).
   It insulates you from electricity.
   It protects you from poison.
   It protects you from negative energy.
   It lets you see invisible.
 L - the amulet of Biulewk (around neck) {Regen+ Str+2}
   (You found it on level 3 of the Crypt)

   [amulet of regeneration]

   It affects your strength (+2).
   It increases your rate of regeneration.
 N - an uncursed ring of teleportation
 P - the ring "Zeoruilyn" (right hand) {+Fly EV+3 Str+4 SInv}
   (You took it off a greater naga on level 4 of the Snake Pit)

   [ring of evasion]

   It affects your evasion (+3).
   It affects your strength (+4).
   It lets you see invisible.
   It lets you fly.
 Q - the amulet "Noassos" {+Rage rPois Dex+5}
   (You found it on level 13 of the Dungeon)

   [amulet of rage]

   It affects your dexterity (+5).
   It protects you from poison.
   It lets you go berserk.
 T - the ring "Caib" {rElec rC+++ rN+ Int+5 Stlth-}
   (You found it on level 3 of the Crypt)

   [ring of positive energy]

   It affects your intelligence (+5).
   It renders you almost immune to cold.
   It insulates you from electricity.
   It protects you from negative energy.
   It makes you less stealthy.
Wands
 w - a wand of cold (6)
 H - a wand of random effects (20)
Scrolls
 a - 2 scrolls of immolation
 f - 6 scrolls of recharging
 k - 3 scrolls of blinking
 n - 3 scrolls of fear
 x - 5 scrolls of magic mapping
 y - 4 scrolls of remove curse
 B - 5 scrolls of teleportation
 I - a scroll of holy word
 J - a scroll of fog
Potions
 g - 3 potions of brilliance
 h - 5 potions of agility
 o - 11 potions of curing
 v - a potion of berserk rage
 z - a potion of cure mutation
 A - a potion of flight
 D - 2 potions of haste
 E - a potion of cancellation
 F - 6 potions of might
 M - 6 potions of lignification
 U - a potion of heal wounds
Books
 O - a book of Necromancy

   Spells                             Type                      Level
   a - Pain                           Necromancy                   1
   b - Animate Skeleton               Necromancy                   1
   c - Vampiric Draining              Necromancy                   3
   d - Regeneration                   Charms/Necromancy            3
   e - Animate Dead                   Necromancy                   4
   f - Control Undead                 Necromancy                   4
   The Shining One disapproves of the use of such an item.
Miscellaneous
 p - an ornate deck of wonders
 r - a plain deck of summoning {drawn: 1}
 C - a piece from Xom's chessboard
 G - a stone of tremors (inert)
 W - an ornate deck of wonders {the Mercenary}
Comestibles
 b - 6 meat rations
 c - 17 bread rations


   Skills:
 + Level 16.6(16.1) Fighting
 - Level 21.0(20.4) Axes
 - Level 20.0(19.4) Armour
 * Level 3.4(3.0) Dodging
 * Level 18.5(17.9) Shields
 + Level 5.7(5.3) Spellcasting
 * Level 9.0(8.6) Translocations
 * Level 14.0(13.5) Invocations
 - Level 8.0(7.6) Evocations


You had 20 spell levels left.
You knew the following spells:

 Your Spells              Type           Power        Failure   Level  Hunger
a - Apportation           Tloc           ####......   2%          1    None
b - Passage of Golubria   Tloc           N/A          24%         4    ####...
c - Controlled Blink      Tloc           N/A          100%        8    #######


Dungeon Overview and Level Annotations

Branches:
Dungeon (15/15)            Temple (1/1) D:5            Lair (8/8) D:11
  Swamp (4/4) Lair:3        Snake (4/4) Lair:3        Slime (0/6) Lair:6
    Orc (2/2) D:10            Elf (1/3) Orc:2        Vaults (4/5) D:13
  Crypt (3/3) Vaults:3       Tomb (3/3) Crypt:3
 Depths: D:15

Altars:
Ashenzari
Fedhas
Gozag
Kikubaaqudgha
Nemelex Xobeh
Pakellas
Qazlal
Ru
Sif Muna
Trog
Vehumet
Yredelemnul
The Shining One
Beogh

Shops:
D:6 (   D:8 *   Orc:2 ?!*[   Vaults:3 }

Annotations:
Tomb:2 Boris


Innate Abilities, Weirdness & Mutations

You are partially covered in slimy green scales (AC +2).
Scrolls take you a little longer to read.
Your magical capacity is low (-10% MP).
Your muscles are strong. (Str +2)


Message History

Unknown command.
Unknown command.
You hit the caustic shrike. You freeze the caustic shrike.
The caustic shrike is almost dead.
You hit the spiny frog. You freeze the spiny frog.
The spiny frog is severely wounded.
You hit the griffon but do no damage.
The griffon is lightly wounded.
You are no longer berserk.
You pass out from exhaustion.
You feel yourself slow down.
You are feeling very hungry.
The caustic shrike claws you!
* * * LOW HITPOINT WARNING * * *
You are splashed with acid!
The acid burns!
The Shining One protects you from harm! The caustic shrike claws you.
* * * LOW HITPOINT WARNING * * *
You are splashed with acid!
The acid burns!
You die...

▓▓ ▓ ▓▓.▓▓▓▓
▓.......▓▓▓
.........▓▓
.........▓
### #...Y▓
|t#...#...F▓▓
Yb#..5#..Ob@▓
FH#...#..hH▓▓
### #..tS▓
.........▓
.........▓▓
▓.......▓▓▓ ▓
▓▓.▓▓▓▓ ▓▓


You could see a caustic shrike, a catoblepas, a griffon, a polar bear, a spiny
frog (petrified), a water moccasin, a crocodile, an ogre (berserk) and a crimson
imp.

Vanquished Creatures
  2 ancient liches
  10 greater mummies
  Saint Roka (Crypt:1)
  A Killer Klown (Zig:2)
  Nikola (Snake:1)
  A bone dragon (Swamp:4)
  A profane servitor (Crypt:3)
  2 sphinxes
  5 ancient champions
  A thorn hunter (Swamp:1)
  Kirke (Lair:5)
  13 greater nagas
  2 revenants
  2 vault wardens
  A ghost moth (Zig:1)
  2 curse skulls (Crypt:1)
  A juggernaut skeleton (Crypt:1)
  7 stone giants
  3 ironheart preservers (Vaults:3)
  A salamander stormcaller (Vaults:3)
  3 bennus (Tomb:2)
  Azrael (Snake:1)
  A deep elf annihilator (Vaults:3)
  A vampire knight (Crypt:2)
  A vault guard (D:13)
  A yaktaur captain (Vaults:3)
  8 jiangshi
  15 mummy priests
  An ice dragon (D:14)
  Fannar (Lair:3)
  22 naga warriors
  2 hydras
  A ghost crab (Swamp:3)
  3 anacondas
  An alligator (Swamp:1)
  4 death knights
  2 centaur warriors
  A catoblepas (Lair:8)
  3 orc high priests (Orc:2)
  16 naga sharpshooters
  2 ogre magi
  3 shock serpents
  2 deep elf knights (Vaults:2)
  A deep troll shaman (Vaults:3)
  18 death yaks
  3 titan skeletons
  29 skeletal warriors
  An iron troll (Zig:4)
  3 flayed ghosts
  66 death scarabs
  A death drake (Swamp:4)
  2 spriggan druids (Swamp:3)
  A storm dragon skeleton (Crypt:1)
  4 deep trolls (Vaults:3)
  A wizard (Vaults:3)
  3 deep elf archers
  2 swamp dragons
  11 anubis guards
  2 spectral hydras (Swamp:4)
  7 orc sorcerers
  5 hill giants
  9 naga ritualists
  A golden dragon skeleton (Tomb:1)
  4 ironbrand convokers
  5 lindwurms (Lair:6)
  11 phantasmal warriors
  5 ugly things
  3 wolf spiders
  10 orc knights
  2 unseen horrors
  3 griffons
  3 hornets
  2 necromancers
  7 deep elf magi
  5 mana vipers
  19 black mambas
  2 frost giant zombies
  2 salamanders
  5 cyclopes
  5 guardian serpents
  Joseph (D:7)
  An ice statue (IceCv)
  3 centaur zombies
  A dire elephant zombie (Tomb:2)
  7 naga magi
  10 elephants
  3 torpor snails
  A gargoyle (D:14)
  18 spiny frogs
  4 kobold demonologists
  A shock serpent skeleton (Tomb:3)
  5 swamp worm zombies (Swamp:4)
  4 ice devils (IceCv)
  4 komodo dragons
  8 yaktaurs (Vaults:2)
  23 guardian mummies
  5 trolls
  A demonic crawler (Zig:1)
  2 hydra zombies (Swamp:4)
  The ghost of 4thArraOfDagon the Covert, a novice FeFi of Makhleb (D:11)
  4 two-headed ogres
  A wolf spider simulacrum (D:14)
  6 polar bears
  5 giant leeches
  An ice dragon zombie (Tomb:3)
  A human simulacrum (Vaults:3)
  5 alligator zombies (Swamp:4)
  An ettin zombie (Tomb:2)
  A spectral swamp dragon (Swamp:4)
  19 slime creatures
  37 flying skulls
  6 bog bodies
  2 centaur simulacra (D:14)
  10 blink frogs
  A shadow (Swamp:4)
  2 wyverns (Lair:8)
  A griffon skeleton (Crypt:2)
  2 hogs (Lair:5)
  6 redbacks
  22 yaks
  A tarantella (Vaults:3)
  A water elemental (Elf:1)
  7 spriggans
  6 hippogriffs
  2 fire elementals (Snake:1)
  6 basilisks
  4 wraiths (Crypt:1)
  7 vampire mosquitoes
  17 wolves
  9 insubstantial wisps
  The ghost of M4edhros the Charlatan, an amateur OpAr (Ossuary)
  49 nagas
  A mottled dragon (D:12)
  2 hell hounds (Snake:1)
  4 wargs
  11 swamp worms
  15 wasps
  3 porcupines
  A trapdoor spider simulacrum (D:14)
  2 soldier ants
  27 orc warriors
  5 swamp dragon zombies (Swamp:4)
  2 necrophages
  13 water moccasins
  12 phantoms
  5 swamp drakes
  2 ice beasts
  A centaur (D:7)
  2 black bears (Tomb:3)
  14 ogres
  2 boggarts
  13 crocodiles
  3 big kobolds
  9 giant frogs
  A human skeleton (Vaults:3)
  9 killer bees
  A scorpion (D:9)
  A draconian simulacrum (IceCv)
  2 wights
  A quasit (D:15)
  21 orc priests
  A wyvern simulacrum (D:14)
  6 hounds
  A giant frog zombie (D:7)
  4 centaur skeletons
  4 crimson imps
  3 jellies
  2 spectral swamp drakes (Swamp:4)
  10 worker ants
  25 orc wizards
  2 killer bee zombies
  22 sheep
  9 iguanas
  A troll simulacrum (IceCv)
  A demigod zombie (Crypt:1)
  6 hound zombies
  A hound skeleton (D:10)
  32 mummies
  Robin (D:2)
  4 gnolls (D:5)
  12 adders
  A naga simulacrum (IceCv)
  3 swamp drake zombies (Swamp:4)
  64 river rats
  5 shadow imps
  A white imp (D:14)
  An ufetubus (D:14)
  An ooze (D:3)
  An adder skeleton (D:4)
  3 adder zombies
  A worm (D:3)
  3 giant geckos
  71 orcs
  A ball python (D:8)
  2 giant cockroaches
  5 hobgoblins
  4 jackals (D:7)
  2 quokkas
  4 bats (D:1)
  4 giant newts
  12 goblins
  A goblin zombie (Ossuary)
  3 jackal zombies
  16 kobolds
  4 kobold zombies (Ossuary)
  An orc zombie (Ossuary)
  A quokka skeleton (D:4)
  A quokka zombie (D:4)
  2 rats
  A rat zombie (Ossuary)
  3 fungi
  2 plants
1318 creatures vanquished.

Vanquished Creatures (collateral kills)
  A bennu (Tomb:2)
  3 death scarabs (Tomb:3)
  A deep troll (Tomb:2)
  2 anubis guards (Tomb:3)
  A hill giant (Tomb:2)
  A phantasmal warrior (Crypt:3)
  2 guardian mummies
  A troll (Tomb:2)
  A two-headed ogre (Tomb:2)
  An ushabti (Tomb:3)
  A hippogriff (Zig:6)
  2 mummies (Tomb:3)
17 creatures vanquished.

Vanquished Creatures (others)
  A lich (Tomb:2)
  A skeletal warrior (Tomb:2)
  12 death scarabs
  A storm dragon skeleton (Tomb:2)
  An anaconda zombie (Tomb:2)
  A slime creature (Swamp:3)
  A spiny frog (Swamp:3)
  A blink frog (Swamp:4)
  A hydra skeleton (Tomb:2)
  2 flying skulls (Crypt:3)
  An ettin skeleton (Tomb:3)
  A naga (Snake:4)
  A swamp worm (Swamp:3)
  A wasp (Swamp:1)
  An elf zombie (Tomb:3)
  A spriggan simulacrum (Tomb:2)
  3 mummies (Tomb:2)
  2 river rats
  A fungus (Lair:5)
  2 lost souls
36 creatures vanquished.

Grand Total: 1371 creatures vanquished

Notes
Turn   | Place    | Note
--------------------------------------------------------------
     0 | D:1      | 4thArraOfDagon the Hill Orc Berserker began the quest for the Orb.
     0 | D:1      | Reached XP level 1. HP: 19/19 MP: 1/1
    53 | D:1      | Reached XP level 2. HP: 6/27 MP: 2/2
   239 | D:2      | Noticed Robin
   247 | D:2      | Reached XP level 3. HP: 30/33 MP: 3/3
   247 | D:2      | Reached ** piety under Trog
   251 | D:2      | Killed Robin
   251 | D:2      | Reached skill level 5 in Axes
   484 | D:4      | Reached XP level 4. HP: 41/41 MP: 4/4
   486 | D:4      | Reached skill level 6 in Axes
   486 | D:4      | Reached XP level 5. HP: 47/47 MP: 5/5
   530 | D:4      | Noticed a phantom
   579 | D:5      | Entered Level 5 of the Dungeon
   815 | D:6      | Found Osachat's Antique Weapon Boutique.
   863 | D:6      | Reached skill level 5 in Fighting
   863 | D:6      | Reached XP level 6. HP: 54/56 MP: 6/6
   885 | D:6      | Reached skill level 7 in Axes
   902 | D:6      | Found a sand-covered staircase.
   931 | Ossuary  | Entered an ossuary
   955 | Ossuary  | Noticed M4edhros's ghost (amateur OpAr)
   967 | Ossuary  | Killed M4edhros's ghost
   967 | Ossuary  | Reached skill level 8 in Axes
   967 | Ossuary  | Reached XP level 7. HP: 61/61 MP: 7/7
  1229 | D:7      | Noticed Joseph
  1258 | D:7      | Killed Joseph
  1258 | D:7      | Reached skill level 9 in Axes
  1258 | D:7      | Reached XP level 8. HP: 47/71 MP: 8/8
  1299 | D:7      | Reached skill level 5 in Armour
  1329 | D:7      | Identified the Almanac of the Escort
  1367 | D:7      | Reached skill level 10 in Axes
  1484 | D:8      | Found Siexuczoe's General Store.
  1538 | D:8      | Reached *** piety under Trog
  1619 | D:6      | Bought a shimmering hand axe for 232 gold pieces
  1619 | D:6      | Identified the +8 hand axe of Xunn {drain, *Confuse +Inv rN++ Stlth+} (You bought it in a shop on level 6 of the Dungeon)
  1620 | D:6      | :D
  1653 | D:8      | Reached skill level 11 in Axes
  1687 | D:8      | Found a shattered altar of Ashenzari.
  1750 | D:8      | Reached XP level 9. HP: 74/79 MP: 9/9
  1906 | D:10     | Entered Level 10 of the Dungeon
  1975 | D:11     | Noticed a cyclops
  1979 | D:11     | Noticed a five-headed hydra
  1985 | D:11     | Killed a cyclops
  1985 | D:11     | Reached skill level 12 in Axes
  2125 | D:9      | Noticed a centaur warrior
  2143 | D:9      | Killed a centaur warrior
  2143 | D:9      | Reached skill level 13 in Axes
  2145 | D:9      | Reached XP level 10. HP: 69/91 MP: 10/10
  2345 | D:9      | Killed an unseen horror
  2346 | D:9      | Noticed a cyclops
  2359 | D:9      | Killed a cyclops
  2359 | D:9      | Reached skill level 14 in Axes
  2434 | D:9      | Noticed a four-headed hydra
  2539 | D:10     | Noticed a deep elf mage
  2552 | D:10     | Reached skill level 10 in Fighting
  2554 | D:10     | Killed a deep elf mage
  2666 | D:11     | Noticed a hill giant
  2678 | D:11     | Killed a hill giant
  2678 | D:11     | Reached **** piety under Trog
  2678 | D:11     | Reached skill level 15 in Axes
  2678 | D:11     | Reached XP level 11. HP: 98/98 MP: 11/11
  2706 | D:11     | Noticed 4thArraOfDagon's ghost (novice FeFi)
  2762 | D:12     | Got an ichor-stained war axe
  2763 | D:12     | Identified the cursed +1 war axe of Okawaru's Vengeance {flame, rPois rF- Dex+3} (You found it on level 12 of the Dungeon)
  2764 | D:12     | :D
  2932 | D:14     | :D
  2932 | D:14     | HP: 2/99 [wolf spider simulacrum (21)]
  2999 | D:14     | Found a frozen archway.
  3000 | D:14     | Noticed an ice dragon
  3026 | D:14     | Killed an ice dragon
  3039 | D:14     | Reached skill level 16 in Axes
  3069 | IceCv    | Entered an ice cave
  3144 | IceCv    | Reached skill level 10 in Armour
  3253 | IceCv    | Noticed a necromancer
  3264 | IceCv    | Killed a necromancer
  3616 | D:14     | Reached skill level 17 in Axes
  3641 | D:15     | Entered Level 15 of the Dungeon
  3654 | D:15     | Noticed an eight-headed hydra
  3742 | D:14     | Reached XP level 12. HP: 106/106 MP: 12/12
  3957 | D:14     | Reached skill level 18 in Axes
  4127 | D:13     | Found a gate to the Vaults.
  4127 | D:13     | Noticed a vault guard
  4139 | D:13     | Killed a vault guard
  4161 | D:13     | Got a heavily runed garnet amulet
  4162 | D:13     | Identified the amulet "Noassos" {+Rage rPois Dex+5} (You found it on level 13 of the Dungeon)
  4163 | D:13     | k
  4389 | D:10     | Reached skill level 19 in Axes
  4397 | D:10     | Reached ***** piety under Trog
  4411 | D:10     | Found a staircase to the Orcish Mines.
  4477 | D:10     | Received a gift from Trog
  4487 | Orc:1    | Entered Level 1 of the Orcish Mines
  4623 | Orc:2    | Entered Level 2 of the Orcish Mines
  4808 | Orc:1    | Found a bloodstained altar of Trog.
  4911 | Orc:2    | Found a roughly hewn altar of Beogh.
  4924 | Orc:2    | Reached XP level 13. HP: 55/113 MP: 13/13
  5005 | Orc:2    | Found a staircase to the Elven Halls.
  5105 | Orc:2    | Reached skill level 20 in Axes
  5186 | Orc:2    | Received a gift from Trog
  5197 | Orc:2    | Found Sissu's Antique Armour Shoppe.
  5197 | Orc:2    | Found Xaakucza's Assorted Antiques.
  5198 | Orc:2    | Found Divoxol's Distillery.
  5198 | Orc:2    | Found Oliuschil's Magic Scroll Boutique.
  5243 | Orc:2    | Bought a scroll labeled APRIUD IMUOL for 22 gold pieces
  5248 | Orc:2    | Bought a scroll of enchant weapon for 82 gold pieces
  5248 | Orc:2    | Bought a scroll of teleportation for 33 gold pieces
  5248 | Orc:2    | Bought a scroll of blinking for 82 gold pieces
  5248 | Orc:2    | Bought 3 scrolls of identify for 66 gold pieces
  5248 | Orc:2    | Bought a scroll of identify for 22 gold pieces
  5248 | Orc:2    | Bought a scroll of enchant armour for 82 gold pieces
  5262 | Orc:2    | Bought a potion of might for 56 gold pieces
  5262 | Orc:2    | Bought a potion of curing for 42 gold pieces
  5262 | Orc:2    | Bought a potion of mutation for 35 gold pieces
  5262 | Orc:2    | Bought a potion of curing for 42 gold pieces
  5262 | Orc:2    | Bought a potion of curing for 42 gold pieces
  5264 | Orc:2    | Bought a slimy large shield for 294 gold pieces
  5272 | Orc:2    | Identified the +0 large shield "Ore Tevu" {*Confuse Str+10} (You bought it in a shop on level 2 of the Orcish Mines)
  5272 | Orc:2    | meh
  5358 | Elf:1    | Entered Level 1 of the Elven Halls
  5374 | Orc:2    | Reached skill level 1 in Shields
  5582 | D:11     | Found a staircase to the Lair.
  5606 | D:11     | Killed 4thArraOfDagon's ghost
  5613 | D:11     | Gained mutation: You are partially covered in slimy green scales (AC +2). [potion of mutation]
  5613 | D:11     | Gained mutation: Your muscles are strong. (Str +2) [potion of mutation]
  5613 | D:11     | Gained mutation: Your magical capacity is low (-10% MP). [potion of mutation]
  5677 | Lair:1   | Entered Level 1 of the Lair of Beasts
  5792 | Lair:1   | wtf
  5836 | Lair:1   | Found a basalt altar of Yredelemnul.
  6015 | Lair:3   | Reached skill level 1 in Evocations
  6227 | Lair:3   | Noticed Fannar
  6246 | Lair:3   | Killed Fannar
  6294 | Lair:3   | Found a staircase to the Swamp.
  6318 | Swamp:1  | Entered Level 1 of the Swamp
  6334 | Swamp:1  | Reached skill level 21 in Axes
  6373 | Swamp:1  | Reached skill level 5 in Shields
  6389 | Swamp:1  | Noticed a thorn hunter
  6416 | Swamp:1  | Killed a thorn hunter
  6416 | Swamp:1  | Reached XP level 14. HP: 121/121 MP: 15/15
  6646 | Swamp:2  | Reached skill level 5 in Evocations
  6671 | Swamp:2  | Identified a scroll of acquirement
  6817 | Swamp:3  | Received a gift from Trog
  6953 | Swamp:4  | Entered Level 4 of the Swamp
  7311 | Swamp:4  | Noticed a bone dragon
  7347 | Swamp:4  | Killed a bone dragon
  7474 | Swamp:4  | Got a decaying rune of Zot
  7646 | Lair:5   | Reached XP level 15. HP: 130/130 MP: 18/18
  7702 | Lair:6   | Reached skill level 10 in Shields
  7730 | Lair:6   | Identified the Papyrus of Igneous Battle Magic (You found it on level 6 of the Lair of Beasts)
  7821 | Lair:6   | Found a staircase to the Slime Pits.
  7936 | Lair:8   | Entered Level 8 of the Lair of Beasts
  8148 | Lair:8   | Received a gift from Trog
  8612 | Lair:7   | Reached XP level 16. HP: 130/141 MP: 19/19
  8806 | Lair:6   | Reached ****** piety under Trog
  8839 | Lair:5   | Noticed Kirke
  8850 | Lair:5   | Killed Kirke
  8850 | Lair:5   | Received a gift from Trog
  8850 | Lair:5   | Reached skill level 15 in Armour
  9263 | Lair:3   | Found a staircase to the Snake Pit.
  9281 | Snake:1  | Entered Level 1 of the Snake Pit
  9366 | Snake:1  | Noticed Azrael
  9385 | Snake:1  | Killed Azrael
  9399 | Snake:1  | Noticed Nikola
  9505 | Snake:1  | Killed Nikola
  9779 | Snake:4  | Entered Level 4 of the Snake Pit
  9790 | Snake:4  | Received a gift from Trog
 10064 | Snake:4  | Reached XP level 17. HP: 149/151 MP: 20/20
 10198 | Snake:4  | Received a gift from Trog
 10207 | Snake:4  | whatever
 10230 | Snake:4  | nice
 10231 | Snake:4  | Got an ancient pewter ring
 10232 | Snake:4  | Identified the ring "Zeoruilyn" {+Fly EV+3 Str+4 SInv} (You took it off a greater naga on level 4 of the Snake Pit)
 10233 | Snake:4  | n1
 10413 | Snake:4  | Reached skill level 15 in Shields
 10600 | Snake:4  | Received a gift from Trog
 10678 | Snake:4  | Got a serpentine rune of Zot
 10963 | D:8      | Bought a potion of curing for 39 gold pieces
 10963 | D:8      | Bought a potion of magic for 104 gold pieces
 10963 | D:8      | Bought a potion of heal wounds for 65 gold pieces
 11087 | D:6      | Found a radiant altar of Vehumet.
 11093 | D:6      | Found a sparkling altar of Nemelex Xobeh.
 11217 | D:5      | Found a staircase to the Ecumenical Temple.
 11225 | Temple   | Entered the Ecumenical Temple
 11246 | Temple   | Fell from the grace of Trog
 11246 | Temple   | Became a worshipper of the Shining One
 11285 | D:5      | Learned a level 1 spell: Apportation
 11290 | D:5      | Learned a level 4 spell: Passage of Golubria
 11447 | Vaults:1 | Entered Level 1 of the Vaults
 11556 | Vaults:1 | Reached skill level 1 in Invocations
 11604 | Vaults:2 | Reached * piety under the Shining One
 11653 | Vaults:2 | Was placed under penance by the Shining One
 11699 | Vaults:2 | Was forgiven by the Shining One
 11715 | Vaults:2 | Reached XP level 18. HP: 162/162 MP: 11/21
 11771 | Vaults:2 | Reached ** piety under the Shining One
 11802 | Vaults:2 | Reached skill level 5 in Invocations
 11817 | Vaults:2 | Reached skill level 15 in Fighting
 11974 | Vaults:3 | Found Hocoupe's Gadget Shop.
 12198 | Vaults:3 | Reached *** piety under the Shining One
 12327 | Vaults:3 | Found a staircase to the Crypt.
 12327 | Vaults:3 | Found an ancient bone altar of Kikubaaqudgha.
 12328 | Vaults:3 | Found a basalt altar of Yredelemnul.
 12337 | Crypt:1  | Entered Level 1 of the Crypt
 12367 | Crypt:1  | Noticed Saint Roka
 12375 | Crypt:1  | Killed Saint Roka
 12381 | Crypt:1  | Reached skill level 1 in Translocations
 12425 | Crypt:1  | Reached **** piety under the Shining One
 12527 | Crypt:1  | Reached ***** piety under the Shining One
 12581 | Crypt:2  | Reached skill level 1 in Spellcasting
 12591 | Crypt:2  | Reached XP level 19. HP: 170/170 MP: 23/23
 12622 | Crypt:3  | Entered Level 3 of the Crypt
 12650 | Crypt:3  | meh
 12658 | Crypt:3  | Reached ****** piety under the Shining One
 12665 | Crypt:3  | Identified a +8 broad axe of holy wrath (a +6 antimagic broad axe blessed by the Shining One)
 12665 | Crypt:3  | Received a gift from the Shining One
 12735 | Crypt:3  | Noticed a profane servitor
 12773 | Crypt:3  | Killed a profane servitor
 12792 | Crypt:3  | Reached skill level 10 in Invocations
 12805 | Crypt:3  | Found a staircase to the Tomb.
 12805 | Crypt:3  | Noticed an ancient lich
 12811 | Crypt:3  | Killed an ancient lich
 12846 | Crypt:3  | Got a brightly glowing tin amulet
 12846 | Crypt:3  | Got a bound marble ring
 12847 | Crypt:3  | Identified the amulet of Biulewk {Regen+ Str+2} (You found it on level 3 of the Crypt)
 12850 | Crypt:3  | Got a bound turquoise ring
 12851 | Crypt:3  | Identified the ring "Caib" {rElec rC+++ rN+ Int+5 Stlth-} (You found it on level 3 of the Crypt)
 12853 | Crypt:3  | Identified the ring of Mistrust {rElec rPois rN+ Int+2 SInv} (You found it on level 3 of the Crypt)
 12864 | Tomb:1   | Entered Level 1 of the Tomb of the Ancients
 12926 | Tomb:1   | Noticed a greater mummy
 12926 | Tomb:1   | Noticed a greater mummy
 12926 | Tomb:1   | Noticed a greater mummy
 12926 | Tomb:1   | Noticed a greater mummy
 12926 | Tomb:1   | Noticed a greater mummy
 12970 | Tomb:1   | Noticed a greater mummy
 12982 | Tomb:1   | Paralysed by a sphinx for 5 turns
 13088 | Tomb:1   | Learned a level 8 spell: Controlled Blink
 13166 | Tomb:1   | Noticed a greater mummy
 13166 | Tomb:1   | Noticed a greater mummy
 13169 | Tomb:1   | Noticed a greater mummy
 13170 | Tomb:1   | Noticed a greater mummy
 13173 | Tomb:1   | Killed a greater mummy
 13225 | Tomb:1   | Noticed a greater mummy
 13240 | Tomb:1   | Killed a greater mummy
 13250 | Tomb:1   | Noticed a greater mummy
 13444 | Tomb:2   | Noticed an ancient lich
 13444 | Tomb:2   | Noticed a greater mummy
 13444 | Tomb:2   | Noticed a greater mummy
 13448 | Tomb:2   | Reached skill level 5 in Translocations
 13449 | Tomb:2   | Noticed Boris
 13537 | Tomb:3   | Entered Level 3 of the Tomb of the Ancients
 13560 | Tomb:2   | Gained mutation: Scrolls take you a little longer to read. [mutagenic glow]
 13566 | Tomb:3   | Reached XP level 20. HP: 175/175 MP: 25/25
 13636 | Tomb:3   | Noticed a greater mummy
 13686 | Tomb:2   | Killed a greater mummy
 13733 | Tomb:3   | Noticed a greater mummy
 13736 | Tomb:3   | Noticed a greater mummy
 13752 | Tomb:2   | Killed a greater mummy
 13762 | Tomb:2   | Killed a greater mummy
 13790 | Tomb:3   | Noticed an ancient lich
 13801 | Tomb:3   | Noticed a greater mummy
 13807 | Tomb:3   | Noticed a greater mummy
 13811 | Tomb:3   | Killed an ancient lich
 13819 | Tomb:2   | Killed a greater mummy
 13919 | Tomb:3   | Killed a greater mummy
 13924 | Tomb:3   | Noticed a greater mummy
 13941 | Tomb:2   | Killed a greater mummy
 13941 | Tomb:2   | Reached XP level 21. HP: 52/176 MP: 19/27
 14083 | Tomb:3   | Noticed a greater mummy
 14099 | Tomb:3   | Killed a greater mummy
 14155 | Tomb:3   | Got an encrusted scale mail
 14248 | Tomb:3   | Got a golden rune of Zot
 14275 | Tomb:3   | Noticed a greater mummy
 14282 | Tomb:3   | Killed a greater mummy
 14312 | Zig:1    | Entered Level 1 of a ziggurat
 14327 | Zig:2    | Entered Level 2 of a ziggurat
 14327 | Zig:2    | Noticed a Killer Klown
 14341 | Zig:2    | Killed a Killer Klown
 14385 | Zig:2    | Identified the +0 scale mail "Lophimug" {rPois rN+} (You found it on level 3 of the Tomb of the Ancients)
 14391 | Zig:3    | Entered Level 3 of a ziggurat
 14409 | Zig:3    | Got a slimy ruby amulet
 14411 | Zig:3    | Identified the amulet of Koras {*Drain +Rage rPois rF+ MP+9} (You found it on level 3 of a ziggurat)
 14422 | Zig:4    | Entered Level 4 of a ziggurat
 14452 | Zig:4    | Got a brightly glowing tin amulet
 14456 | Zig:4    | Identified the amulet of Axaunge {Reflect rC+ Int+2 SH+4} (You found it on level 4 of a ziggurat)
 14457 | Zig:4    | meh
 14460 | Zig:5    | Entered Level 5 of a ziggurat
 14494 | Zig:5    | Reached skill level 5 in Spellcasting
 14494 | Zig:5    | Reached XP level 22. HP: 85/198 MP: 29/29
 14500 | Zig:5    | Reached XP level 23. HP: 90/204 MP: 30/30
 14555 | Zig:6    | Entered Level 6 of a ziggurat
 14558 | Zig:6    | ohhh
 14591 | Zig:6    | HP: 5/204 [caustic shrike (17)]
 14591 | Zig:6    | The Shining One protects you from harm!
 14592 | Zig:6    | Splashed by a caustic shrike's acid

Vault maps used:
D:1:      dpeg_arrival_boxes_within_box
D:2:      uniq_robin
D:3:      kennysheep_the_goblin_king, nicolae_overflow_hidden_temple,
          roderic_lattice_a
D:4:      lemuel_coloured_pillars_altar, first_bread, serial_undead,
          serial_undead_e, serial_undead_f, serial_undead_b, serial_undead_e
D:5:      temple_statues
D:6:      marbit_many_paths, minitemple, serial_shops, shop,
          nicolae_ossuary_entry_ruins
D:7:      uniq_joseph
D:8:      elyvilon_altar_1, kennysheep_mini, serial_shops, shop
D:9:      minmay_tri_box, kennysheep_little_box
D:10:     erik_orc_1
D:11:     lair_0_dummy, hangedman_stone_soup, uniq_nergalle
D:13:     david_vaults_5
D:14:     serial_ice, serial_ice_d, serial_ice_b, serial_ice_e, serial_ice_n,
          portal_ice_cave_entry_animals_and_master, grunt_decor_resistance,
          evilmike_butchery
D:15:     grunt_enter_depths_magical_seal, hangedman_decor_peaks_small,
          kennysheep_crisscross
Temple:   circular_temple_12
Lair:1:   serial_bayou, serial_bayou_pond_c, serial_bayou_crossing,
          serial_bayou_lagoon_b, serial_bayou_ford_a, basic_altar,
          infiniplex_staircase_pool
Lair:2:   beast_lair_carwin_7, infiniplex_staircase_pool_2
Lair:3:   minmay_swamp_entry_reptiles, guppyfry_snake_entry_island,
          beast_lair_carwin_10, uniq_fannar
Lair:5:   grunt_megastairs_3, lemuel_fruit_tree, uniq_kirke
Lair:6:   slime_dummy, minmay_lindwurm_lava
Lair:8:   hangedman_lair_tendril_chambers, uniq_maud
Swamp:1:  evilmike_swamp_ruin_rubble_1, swamp_pool4, cheibrodos_swamp_kobolds
Swamp:2:  hangedman_swamp_blocks, nicolae_swamp_round_clearing, swamp_pool2,
          uniq_jorgrun, uniq_aizul
Swamp:3:  evilmike_swamp_ruin_rubble_2
Swamp:4:  swamp_pestilence, evilmike_swamp_ruin_house_2
Snake:1:  uniq_nikola, uniq_azrael
Snake:2:  spider_trap
Snake:4:  grunt_snake_rune_spirals, nicolae_large_snake_swirl
Orc:1:    trog_butcher_becter, uniq_urug
Orc:2:    st_orc_elflike, basic_altar
Elf:1:    elf_arrival_002, serial_shops, nicolae_shop_waterfront,
          hangedman_corner_corridor
Vaults:1: v_pattern_4, nicolae_vaults_what_the_h, st_lattice,
          ontoclasm_vaults_gateway, nicolae_vaults_twisting_passages,
          vaults_room_door_ring, serial_shops, shop
Vaults:2: ontoclasm_vaults_ring_small, hangedman_vaults_slither,
          vaults_room_boxed, v_alt_pattern_6, v_misc_16, grunt_vaults_trifunnel,
          nicolae_vaults_little_ls, nicolae_vaults_big_ls,
          nicolae_vaults_asterisk, vaults_room_guarded_vault,
          nicolae_vaults_theta
Vaults:3: st_octagons_2, v_pattern_5, ontoclasm_vaults_bender,
          minmay_crypt_entry_necro_gods, v_alt_pattern_3,
          vaults_mumra_chevron_long, nicolae_vaults_disjoint_gnomons,
          hangedman_vaults_impose, nicolae_vaults_little_squares_4,
          vaults_dpeg_doors, nicolae_vaults_little_squares_4, v_misc_16,
          grunt_vaults_funnel, vaults_room_hallway, serial_shops,
          nicolae_shop_temple_entry_statues_fountains
Vaults:4: nicolae_vaults_little_squares_2, v_misc_11,
          ontoclasm_vaults_misaligned, ontoclasm_vaults_shout,
          vaults_dpeg_spiral, serial_ice_h, grunt_vaults_diagonal,
          ontoclasm_vaults_misaligned, v_misc_14, nicolae_vaults_alarming,
          vaults_mumra_hex, serial_shops, shop, uniq_frederick
Crypt:1:  grunt_crypt_arrival_split, uniq_saint_roka
Crypt:3:  grunt_crypt_end_deaths_head
Tomb:2:   uniq_boris
Ossuary:  ossuary_minmay_tomb_2a
IceCv:    ice_cave_tombish

Action                   |  1- 3 |  4- 6 |  7- 9 | 10-12 | 13-15 | 16-18 | 19-21 | 22-24 || total
-------------------------+-------+-------+-------+-------+-------+-------+-------+-------++-------
Melee: Hand axe          |    67 |    61 |   158 |   337 |       |       |       |       ||   623
       War axe           |       |       |       |    58 |   144 |       |       |       ||   202
       Broad axe         |       |       |       |    70 |   745 |   929 |   547 |    12 ||  2303
 Cast: Apportation       |       |       |       |       |       |       |    20 |       ||    20
Invok: Berserk           |     3 |     2 |     3 |    16 |    12 |     5 |       |       ||    41
       Trog's Hand       |       |     1 |     3 |    16 |    30 |    25 |       |       ||    75
       Cleansing Flame   |       |       |       |       |       |       |    21 |       ||    21
       Summon Divine War |       |       |       |       |       |       |     6 |     1 ||     7
       Divine Shield     |       |       |       |       |       |       |     1 |     1 ||     2
       Brand Weapon With |       |       |       |       |       |       |     1 |       ||     1
 Abil: Stop Flying       |       |       |       |     1 |       |       |       |       ||     1
       Evoke Teleportati |       |       |       |       |     3 |    52 |    25 |       ||    80
       Evoke Berserk Rag |       |       |       |       |       |     6 |       |       ||     6
Evoke: Wand              |       |       |     3 |     2 |     3 |       |       |       ||     8
       Stone of tremors  |       |       |       |       |       |     1 |     1 |       ||     2
       Deck              |       |       |       |       |       |       |     1 |       ||     1
       Figurine of a zig |       |       |       |       |       |       |     1 |       ||     1
  Use: Potion            |     1 |       |       |     7 |     4 |     2 |    15 |     2 ||    31
       Scroll            |       |     4 |     3 |    21 |    17 |    11 |    13 |       ||    69
 Stab: Invisible         |       |       |     2 |       |       |       |       |       ||     2
       Sleeping          |       |       |       |     3 |     9 |     3 |       |       ||    15
       Distracted        |       |       |       |     2 |     1 |       |       |       ||     3
       Confused          |       |       |       |       |     1 |     1 |       |       ||     2
       Held in net/web   |       |       |       |       |       |     2 |       |       ||     2
       Petrified         |       |       |       |       |       |       |       |     1 ||     1
  Eat: Chunk             |     1 |     3 |     5 |    22 |    10 |    22 |       |       ||    63
       Bread ration      |       |       |     1 |       |     1 |       |       |       ||     2
       Fruit             |       |       |       |     2 |       |     5 |       |       ||     7
       Royal jelly       |       |       |       |     2 |     2 |     1 |       |       ||     5
       Pizza             |       |       |       |     1 |     1 |     2 |     1 |       ||     5
       Beef jerky        |       |       |       |       |     8 |     2 |       |       ||    10
       Meat ration       |       |       |       |       |       |     2 |     4 |       ||     6
